 Dungeon Crawl Stone Soup version 0.32-a0-7-ge934b4519a (webtiles) character file.

Game seed: 17949917378763273469

2367 Drazool the Chiller (level 9, 0/56 HPs)
             Began as an Octopode Ice Elementalist on Jan 13, 2024.
             Was a Follower of Sif Muna.
             Engulfed by a cloud of poison gas (6 damage)
             ... in a bailey.
             The game lasted 00:44:36 (9174 turns).

Drazool the Chiller (Octopode Ice Elementalist)     Turns: 9174, Time: 00:44:36

Health: 0/56       AC:  1    Str:  8    XL:     9   Next: 44%
Magic:  11/14      EV: 19    Int: 21    God:    Sif Muna [*.....]
Gold:   323        SH:  0    Dex: 12    Spells: 5/15 levels left

rFire   . . .        s - +2 whip (elec)
rCold   . . .        (no shield)
rNeg    . . .        (helmet restricted)
rPois   .            (no amulet)
rElec   .            E - +5 ring of evasion
rCorr   .            (no ring)
SInv    .            (no ring)
Will    .....        (no ring)
Stlth   ++++         (no ring)
HPRegen 0.29/turn    (no ring)
MPRegen 0.14/turn    (no ring)
                     (no ring)

%: no passive effects
@: lethally poisoned (0 -> -63)
A: almost no armour, amphibious, 8 rings, camouflage 1, gelatinous body 1,
nimble swimmer 1, tentacles
a: Renounce Religion, Channel Magic


You were in a bailey.
You worshipped Sif Muna.
Sif Muna was aware of your devotion.
You visited 2 branches of the dungeon, and saw 8 of its levels.
You also visited: Bailey.

You collected 423 gold pieces.
You spent 100 gold pieces at shops.


Innate Abilities, Weirdness & Mutations

You cannot wear most types of armour.
You are amphibious.
You can wear up to eight rings at the same time.
Your skin changes colour to match your surroundings (Stealth+).
Your rubbery body absorbs attacks. (AC +1, EV +1)
You are camouflaged when in or above water. (Stealth+)
You have tentacles for arms and can constrict up to eight enemies at once.


   Skills:
 - Level 3.0 Fighting
 - Level 4.0 Dodging
 - Level 4.0 Stealth
 + Level 3.7 Spellcasting
 + Level 4.6 Conjurations
 - Level 5.0 Summonings
 - Level 7.0 Ice Magic
 - Level 4.0 Invocations
 - Level 4.0 Evocations


You had 5 spell levels left.
You knew the following spells:

 Your Spells              Type           Power      Damage    Failure   Level
b - Summon Ice Beast      Ice/Summ       29%        N/A       3%          3
f - Freeze                Ice            100%       1d10      1%          1
o - Ozocubu's Armour      Ice            33%        N/A       1%          3
r - Frozen Ramparts       Ice            66%        1d10      1%          3

Your spell library contained the following spells:

 Spells                   Type           Power      Damage    Failure   Level
 Kiss of Death            Conj/Necr      52%        2d9       4%          1
 Dazzling Flash           Conj/Hex       26%        N/A       14%         3
 Mephitic Cloud           Conj/Alch/Air  10%        N/A       21%         3
 Confusing Touch          Hex            3%         N/A       36%         3
 Fugue of the Fallen      Necr           3%         N/A       36%         3
 Dispel Undead            Necr           3%         3d7       77%         4
 Manifold Assault         Tloc           3%         N/A       77%         4
 Curse of Agony           Necr           3%         N/A       98%         5
 Silence                  Hex/Air        1%         N/A       98%         5

Inventory:

Hand Weapons
 d - a +0 dagger
 h - a +0 short sword
 s - a +2 whip of electrocution (weapon)
Magical Staves
 r - a staff of conjuration {!a}
Jewellery
 E - a +5 ring of evasion (left tentacle)
Scrolls
 g - 2 scrolls of poison
 k - 2 scrolls of fog
 m - 2 scrolls of immolation
 n - 6 scrolls of amnesia
 o - 2 scrolls of fear {unknown}
 u - 2 scrolls of noise
 v - 2 scrolls of revelation {unknown}
 x - a scroll of torment {unknown}
 y - a scroll of enchant armour {unknown}
 z - a scroll of brand weapon {unknown}
 A - a scroll of enchant weapon {unknown}
Potions
 a - a potion of magic
 b - 2 potions of invisibility {unknown}
 c - 2 potions of curing {unknown}
 e - a potion of degeneration {unknown}
 f - a potion of berserk rage {!q}
 i - 2 potions of enlightenment
 j - a potion of brilliance {unknown}
 l - a potion of resistance {unknown}
 p - 2 potions of haste {unknown}
 q - 2 potions of mutation {unknown}
 t - a potion of cancellation {unknown}
 w - a potion of heal wounds {@q2}

Dungeon Overview and Level Annotations

Branches:
Dungeon (7/15)             Temple (1/1) D:7          Bailey (1/1)

Altars:
Ashenzari
Cheibriados
Dithmenos
Elyvilon
Fedhas
Gozag
Hepliaklqana
Kikubaaqudgha
Makhleb
Nemelex Xobeh
Okawaru
Qazlal
Ru
Sif Muna
Trog
Uskayaw
Wu Jian
Xom
Yredelemnul
The Shining One

Shops:
D:2 **

Annotations:
D:2 Sigmund
D:3 2 transporters, 1 runed translucent door, Crazy Yiuf; voltaire321's ghost, amateur OpEE

♣♣♣♣♣
♣♣♣♣♣♣♣♣♣♣.∩.♣♣♣♣♣
♣♣☼☼§§§☼§§§......≈≈
♣♣§§§§§☼≈o§§.)....≈≈
♣♣§§@▒▒▒▒▒§Y§......▒▒
♣≈≈≈▒▒...▒▒().....▒▒.
♣≈≈▒▒.....▒▒.....▒▒..
♣≈▒▒...8...▒▒)('▒▒...
♣▒▒.........(....)...
▒...................
▒..8..8.............
▒...................
▒▒......▒▒▒▒...▒▒▒▒.


You could see an orc warlord (extremely poisoned).


Message History

The orc warlord is poisoned.
You are engulfed in poison gas.
You are poisoned.
You feel very sick.
The orc warlord is engulfed in poison gas.
The orc warlord looks even sicker.
You are engulfed in poison gas.
You are more poisoned.
You feel extremely sick.
The orc warlord is engulfed in poison gas.
The orc warlord looks even sicker.
You are engulfed in poison gas.
You are lethally poisoned!
* * * LOW HITPOINT WARNING * * *
You feel extremely sick.
The orc warlord is engulfed in poison gas.
The orc warlord looks as sick as possible!
Your ice beast hits the orc warlord but does no damage.
Unknown command.
Okay, then.
You are engulfed in poison gas.
You are more poisoned.
* * * LOW HITPOINT WARNING * * *
x2 You feel extremely sick.
The orc warlord is engulfed in poison gas.
The orc warlord looks as sick as possible!
Your ice beast hits the orc warlord.
Your ice beast freezes the orc warlord!
You are engulfed in poison gas.
You are more poisoned.
You die...

Skill      XL: |  1  2  3  4  5  6  7  8  9 |
---------------+----------------------------+-----
Ice Magic      | 5 7 |  7.0
Fighting       | 1 3 |  3.0
Summonings     | 2 4 5 |  5.0
Stealth        | 4 |  4.0
Spellcasting   | 3 |  3.7
Dodging        | 4 |  4.0
Invocations    | 4 |  4.0
Conjurations   | 4 |  4.6
Evocations     | 4 |  4.0

Action                     |  1- 3 |  4- 6 |  7- 9 || total
---------------------------+-------+-------+-------++-------
  Melee: Constrict         |     5 |     3 |     4 ||    12
         Unarmed           |     4 |       |       ||     4
         Tentacles         |     3 |     4 |    11 ||    18
         Short sword       |    10 |    16 |       ||    26
         Punch             |     1 |       |       ||     1
         Whip              |       |       |    26 ||    26
   Cast: Freeze            |    31 |     1 |       ||    32
         Frozen Ramparts   |    14 |    22 |    22 ||    58
         Summon Ice Beast  |       |    10 |    55 ||    65
    Use: Scroll            |     5 |       |     3 ||     8
         Potion            |       |       |     2 ||     2
   Stab: Distracted        |       |       |     1 ||     1
 Armour: Skin              |    11 |     6 |    25 ||    42
  Dodge: Dodged            |    21 |    17 |    52 ||    90

Levels and vault maps discovered:
D:1:      ebering_trefoil_twist, layout_basic
D:2:      layout_basic, serial_shops, shop, nicolae_shop_rolling_square, shop,
          basic_altar, uniq_sigmund
D:3:      layout_basic, gammafunk_ghost_arena, nicolae_elevator_lobby_plus,
          uniq_crazy_yiuf_cottage
D:4:      layout_loops_corners, nicolae_overflow_two_pavilions,
          mainiacjoe_overflow_tiny_flanked, kennysheep_generic_room_10
D:5:      layout_layer_cave, serial_library_hellmonk_double_dead_end,
          chequers_serial_rivers_small_a, minivault_19
D:6:      layout_rooms, uniq_blork_the_orc
D:7:      layout_rooms, gammafunk_temple_overflow_forgotten,
          minmay_temple_entry_glassed_door, enter_bailey_4
Temple:   regret_index_temple_sphere_string
Bailey:   bailey_axe_bossmonster_kennysheep, bailey

Notes
Turn   | Place    | Note
-------+----------+-------------------------------------------
     0 | D:1      | Drazool the Octopode Ice Elementalist began the quest for
                  | the Orb.
     0 | D:1      | Reached XP level 1. HP: 11/11 MP: 3/3
   274 | D:1      | Reached XP level 2. HP: 17/17 MP: 1/5
   900 | D:2      | Upgraded the game from 0.31-a0-1626-g5cb510d322 to
                  | 0.32-a0-7-ge934b4519a
   927 | D:2      | Reached XP level 3. HP: 19/21 MP: 4/6
   958 | D:1      | Learned a level 3 spell: Frozen Ramparts
  1010 | D:2      | Reached skill level 5 in Ice Magic
  1376 | D:2      | Noticed Sigmund
  1553 | D:2      | Found a glowing golden altar of the Shining One.
  1894 | D:2      | Found Nierph's General Store.
  1896 | D:2      | Found Usawom's General Store.
  1902 | D:2      | Bought a potion of heal wounds for 60 gold pieces
  1908 | D:2      | Bought a scroll of amnesia for 40 gold pieces
  1920 | D:2      | Reached skill level 1 in Fighting
  2081 | D:2      | Found Kamen's Book Shoppe.
  2156 | D:2      | Reached XP level 4. HP: 27/28 MP: 3/7
  2196 | D:2      | Learned a level 3 spell: Summon Ice Beast
  2416 | D:3      | Found a transporter.
  2416 | D:3      | Noticed voltaire321's ghost (amateur OpEE)
  2851 | D:3      | Reached skill level 1 in Summonings
  2995 | D:3      | Found a transporter.
  3328 | D:3      | Found a runed translucent door.
  3329 | D:3      | Noticed Crazy Yiuf
  3770 | D:4      | Reached skill level 2 in Summonings
  3770 | D:4      | Reached XP level 5. HP: 33/33 MP: 1/8
  3837 | D:4      | Found a white marble altar of Elyvilon.
  3838 | D:4      | Found a sparkling altar of Nemelex Xobeh.
  3857 | D:4      | Became a worshipper of Elyvilon the Healer
  4023 | D:4      | Reached skill level 3 in Summonings
  4118 | D:4      | Noticed a black bear
  4129 | D:4      | Killed a black bear
  4130 | D:4      | Reached skill level 4 in Summonings
  4130 | D:4      | Reached XP level 6. HP: 38/38 MP: 6/9
  4248 | D:4      | Reached skill level 3 in Stealth
  4299 | D:4      | Found an ancient bone altar of Kikubaaqudgha.
  4317 | D:4      | Noticed a black bear
  4343 | D:4      | Killed a black bear
  4344 | D:4      | Reached skill level 3 in Spellcasting
  4552 | D:4      | Reached * piety under Elyvilon
  4589 | D:4      | Reached skill level 4 in Stealth
  4745 | D:4      | Reached XP level 7. HP: 43/43 MP: 4/11
  5069 | D:5      | Entered Level 5 of the Dungeon
  5145 | D:4      | Reached skill level 3 in Dodging
  5474 | D:5      | Reached skill level 4 in Dodging
  5474 | D:5      | Reached skill level 1 in Invocations
  5634 | D:5      | Reached skill level 5 in Summonings
  5634 | D:5      | Reached skill level 2 in Invocations
  5648 | D:5      | Learned a level 3 spell: Ozocubu's Armour
  5726 | D:5      | Reached ** piety under Elyvilon
  6135 | D:5      | Reached skill level 3 in Invocations
  6675 | D:5      | Reached skill level 4 in Invocations
  6675 | D:5      | Reached XP level 8. HP: 50/50 MP: 6/12
  6793 | D:5      | Reached skill level 2 in Fighting
  7040 | D:6      | Noticed a shadow
  7055 | D:5      | Reached skill level 3 in Fighting
  7189 | D:6      | Reached skill level 6 in Ice Magic
  7367 | D:6      | Reached skill level 7 in Ice Magic
  7540 | D:6      | Reached skill level 1 in Conjurations
  7589 | D:6      | Noticed Blork the orc
  7594 | D:6      | Killed Blork the orc
  7595 | D:6      | Reached skill level 2 in Conjurations
  7689 | D:6      | Reached skill level 3 in Conjurations
  7692 | D:6      | Reached skill level 4 in Conjurations
  7692 | D:6      | Reached XP level 9. HP: 49/56 MP: 3/13
  7992 | D:6      | Reached skill level 1 in Evocations
  8188 | D:6      | Reached skill level 2 in Evocations
  8218 | D:7      | Reached *** piety under Elyvilon
  8219 | D:7      | Found a staircase to the Ecumenical Temple.
  8227 | Temple   | Entered the Ecumenical Temple
  8240 | Temple   | Fell from the grace of Elyvilon
  8240 | Temple   | Became a worshipper of Sif Muna the Loreminder
  8301 | D:7      | Found a flagged portal.
  8377 | Bailey   | Entered a bailey
  8495 | Bailey   | Noticed an orc warlord
  8576 | Bailey   | Reached skill level 3 in Evocations
  8674 | Bailey   | Reached skill level 4 in Evocations
  8946 | Bailey   | Reached * piety under Sif Muna
  9027 | Bailey   | Found a runed translucent gate.
  9030 | Bailey   | Found a runed translucent gate.
  9031 | Bailey   | Found a runed translucent gate.
  9174 | Bailey   | Engulfed by a cloud of poison gas

Vanquished Creatures
  A steam dragon (D:6)
  3 orc warriors
  A black bear (D:4)
  An ice beast (D:5)
  A centaur (D:5)
  A bombardier beetle (D:4)
  A hound (D:6)
  3 iguanas
  2 orc wizards (D:6)
  2 gnolls (D:5)
  5 adders
  3 dart slugs
  2 ribbon worms
  6 orcs
  An endoplasm (D:1)
  6 giant cockroaches
  8 goblins
  A hobgoblin (D:3)
  10 kobolds
  3 quokkas
  8 ball pythons
  6 bats
  2 frilled lizards (D:1)
  6 rats
83 creatures vanquished.

Vanquished Creatures (collateral kills)
  3 orc warriors (Bailey)
  A sky beast (D:5)
  An ice beast (D:6)
  2 black bears
  An ogre (D:5)
  Blork the orc (D:6)
  A bullfrog (D:6)
  A scorpion (D:5)
  2 bombardier beetles
  3 jellies
  A sleepcap (D:5)
  3 iguanas
  2 orc wizards (D:6)
  3 gnolls
  2 adders
  16 orcs
  2 endoplasms
  A giant cockroach (D:4)
  7 goblins
  2 hobgoblins
  4 jackals (D:5)
  A quokka (D:4)
  8 kobolds (Bailey)
68 creatures vanquished.

Grand Total: 151 creatures vanquished

Table legend: (Time is in decaauts)
 A = Elapsed time spent in this place.
 B = Non-inter-level travel time spent in this place.
 C = Inter-level travel time spent in this place.
 D = Time resting spent in this place.
 E = Time spent auto-exploring this place.
 F = Levels seen in this place.
 G = Mean time per level.
                   A        B        C        D        E       F      G
               +--------+--------+--------+--------+--------+-----+--------+
         Total |   9180 |   8557 |    623 |   1095 |   5656 |   9 | 1020.0 |
       Dungeon |   8356 |   7758 |    598 |    994 |   5318 |   7 | 1193.7 |
        Temple |     26 |      1 |     25 |      0 |      0 |   1 |   26.0 |
        Bailey |    797 |    797 |      0 |    101 |    338 |   1 |  797.0 |
               +--------+--------+--------+--------+--------+-----+--------+

Top non-repeatable levels by time:
     D:5: 2134 daAuts
     D:4: 1608 daAuts
     D:3: 1430 daAuts
     D:2: 1395 daAuts
     D:1: 885 daAuts
  Bailey: 797 daAuts
     D:6: 750 daAuts
     D:7: 151 daAuts
  Temple: 26 daAuts

Table legend:
 A = Non-vault XP
 B = Vault XP
 C = Vault XP percentage of total XP
 D = Non-vault monster count
 E = Vault monster count
 F = Vault count percentage of total count
                 A         B        C        D         E       F
            +---------+---------+-------+---------+---------+-------
      Total |    2536 |     846 |  25.0 |     121 |      30 |  19.9
            +---------+---------+-------+---------+---------+-------
        D:1 |      31 |       0 |   0.0 |      19 |       0 |   0.0
        D:2 |      62 |       0 |   0.0 |      20 |       0 |   0.0
        D:3 |      42 |       0 |   0.0 |      16 |       0 |   0.0
        D:4 |     500 |      15 |   2.9 |      21 |       1 |   4.5
        D:5 |     953 |       0 |   0.0 |      21 |       0 |   0.0
        D:6 |     948 |      99 |   9.5 |      24 |       1 |   4.0
        D:7 |       0 |      13 | 100.0 |       0 |       5 | 100.0
     Bailey |       0 |     719 | 100.0 |       0 |      23 | 100.0
            +---------+---------+-------+---------+---------+-------
